AoeStats
← Homer554

Arabian Desert

510518194Analyzed
1v1 RM · 1d ago on Oct 1, 2026· 53m 16s· 2 players
Game mode
Random Map
Map size
Tiny (2 player)
Population
200
Speed
Normal
Resources
Standard
Victory
Conquest
Starting age
Dark Age
Ending age
Imperial Age
RankedLock teamsTeams togetherTeam positionsShared explorationLock speedFull tech treeHidden civsTurbo modeCheats
Victory
Defeat
🇸🇪 Britons · Sweden
826
+16
🇷🇺 Mongols · Russia
818
-16
Homer554
11:13 Feudal Age
15:07 Castle Age
13:48 Horse Collar
13:55 Double-Bit Axe
15:58 Heavy Plow
16:17 Bow Saw
16:00 Loom
18:00 Town Watch
21:51 Husbandry
22:31 Scale Barding Armor
24:32 Wheelbarrow
24:59 Bloodlines
26:42 Forging
30:26 Chain Barding Armor
39:33 Hand Cart
43:08 Iron Casting
kvarten
9:22 Feudal Age
10:33 Double-Bit Axe
10:40 Gold Mining
12:58 Padded Archer Armor
13:12 Fletching
20:03 Castle Age
19:46 Stone Mining
20:54 Crossbowman
24:42 Arson
31:44 Ballistics
34:08 Wheelbarrow
36:07 Hand Cart
48:49 Pikeman
53:14 Imperial Age
Connection lost

Rejoining the realm…

Still unreachable

The connection could not be restored.

Session expired

The server has moved on; the page needs a fresh start.